 Dungeon Crawl Stone Soup version 0.32-a0-661-gc4e8710 (webtiles) character file.

Game seed: 2651384336003923791

1866 Dwayden the Trooper (level 9, -1/72 HPs)
             Began as a Vine Stalker Brigand on Mar 9, 2024.
             Was a Priest of Beogh.
             Succumbed to Arkwar's poison
             ... on level 5 of the Dungeon.
             The game lasted 00:13:23 (4194 turns).

Dwayden the Trooper (Vine Stalker Brigand)          Turns: 4194, Time: 00:13:24

Health: -1/72      AC: 24    Str: 13    XL:     9   Next: 13%
Magic:  13/13      EV:  2    Int: 13    God:    Beogh [***...]
Gold:   245        SH:  0    Dex: 19    Spells: 11/11 levels left

rFire   . . .        b - +0 short sword (venom)
rCold   . . .        (no shield)
rNeg    . . .        v - melded +4 ring mail {Will+}
rPois   +            g - melded +0 helmet
rElec   .            c - melded +0 cloak
rCorr   .            (gloves currently unavailable)
SInv    .            x - melded +0 pair of boots of Supple Strength {Will+}
Will    +....        (no amulet)
Stlth   +++          q - ring of wizardry
HPRegen 1.12/turn    w - +5 ring of evasion
MPRegen 0.13/turn

%: guardian spirit, wizardry (x1)
@: lethally poisoned (-1 -> -15), tree-form
A: stationary, stasis, torment immunity, boosted hp, (fangs 3), regeneration 1,
magic shield, (antimagic bite), no potion heal 2
a: Renounce Religion, Smiting, Recall Apostles, Dismiss Bolgrim, wizard, Dismiss
Arkwar, priest


You were on level 5 of the Dungeon.
You worshipped Beogh.
Beogh was most pleased with you.
You were a tree.
You visited 1 branch of the dungeon, and saw 5 of its levels.
You also visited: Sewer.

You collected 245 gold pieces.

Inventory:

Hand Weapons
 a - a +2 dagger
 b - a +0 short sword of venom (weapon)
Missiles
 d - 30 poisoned darts (quivered)
 e - 2 curare-tipped darts {!f}
 l - 19 stones
 y - 3 silver javelins
Armour
 c - a +0 cloak (melded)
 f - a +0 robe
 g - a +0 helmet (melded)
 v - a +4 ring mail of willpower (melded)
 x - the +0 pair of boots of Supple Strength (melded) {Will+}
   (You found it on level 5 of the Dungeon)

   Will+:     It increases your willpower.
Magical Staves
 u - a staff of air
Jewellery
 q - a ring of wizardry (left branch)
 w - a +5 ring of evasion (right branch)
Wands
 s - a wand of polymorph (8)
Scrolls
 h - a scroll of blinking {unknown}
 k - 5 scrolls of teleportation
 m - a scroll of fear {unknown}
 r - a scroll of enchant weapon {unknown}
Potions
 i - 2 potions of might
 j - 5 potions of haste
 n - a potion of mutation
 o - 2 potions of brilliance
 p - a potion of resistance


   Skills:
 + Level 6.2 Fighting
 + Level 5.3 Short Blades
 - Level 2.0 Throwing
 - Level 4.0 Armour
 - Level 2.0 Dodging
 - Level 5.0 Stealth
 + Level 1.6 Spellcasting
 + Level 4.4 Invocations


You had 11 spell levels left.
You didn't know any spells.
Your spell library contained the following spells:

 Spells                   Type           Power      Damage    Failure   Level
 Cause Fear               Hex            0%         N/A       69%         4
 Fireball                 Conj/Fire      0%         3d3       95%         5
 Dragon's Call            Summ           0%         N/A       100%        9


Dungeon Overview and Level Annotations

Branches:
Dungeon (5/15) Zot: 26288   Sewer (visited)
 Temple: D:4-7

Altars:
Gozag
Ru
Beogh


Innate Abilities, Weirdness & Mutations

You are a tree.
Your roots penetrate the ground, keeping you stationary.
You cannot be teleported.
You are immune to unholy pain and torment.
Your maximum health is greatly increased.
Your equipment is partially melded.
Your facial features look somewhat orcish.
((You have razor-sharp teeth.))
Your natural rate of healing is unusually fast.
When hurt, damage is shared between your health and your magic reserves.
((Your bite disrupts and absorbs the magic of your enemies.))
Potions cannot restore your health.


Message History

The water moccasin poisons you!
Throw: 3 darts (curare) {!f}
Press: ? - help, Shift-Dir - straight line, f/p - Arkwar
Aim: Arkwar the orc apostle, wielding the +3 flail "Ysiwyof" {venom, rElec} and wearing a +4 leather armour (severely wounded, extremely poisoned, empowered by the touch of Beogh, 53% to hit)
You throw a curare-tipped dart {!f}.
The curare-tipped dart {!f} closely misses Arkwar.
You feel very sick.
The water moccasin bites you but does no damage.
The water moccasin bites you.
* * * LOW HITPOINT WARNING * * *
You are more poisoned.
The water moccasin poisons you!
Arkwar hits you with the +3 flail "Ysiwyof".
* * * LOW HITPOINT WARNING * * *
You are more poisoned.
You hit Arkwar.
Arkwar looks as sick as possible!
You bite Arkwar. You drain their power.
You feel invigorated.
Arkwar is almost dead.
* * * LOW HITPOINT WARNING * * *
You feel very sick.
The water moccasin completely misses you.
The water moccasin bites you but does no damage.
You hit Arkwar.
Arkwar looks as sick as possible!
You bite Arkwar. You drain their power.
Arkwar is almost dead.
* * * LOW HITPOINT WARNING * * *
You feel very sick.
Arkwar falls to their knees and submits.
Arkwar looks more healthy.
The water moccasin turns back into a lifeless stick! x2
Beogh will allow you to induct Arkwar into your service.
You anoint Arkwar with ash and charcoal and welcome them as a companion.
* * * LOW HITPOINT WARNING * * *
You feel very sick.
It was a potion of lignification.
You turn into a tree.
Your +0 cloak melds into your body.
Your +0 helmet melds into your body.
The +0 pair of boots of Supple Strength {Will+} melds into your body.
Your +4 ring mail of willpower melds into your body.
You feel less strong-willed.
Your roots penetrate the ground.
You die...

######
###########......
#................
#................
#................
#..†..♣.....#
###.###o##### #.
#.# #. #.#
#########.# #.#
#.......#.# #.#
......
#>......#.# #.#
......
.........#.###.#
......
.........#.#...#
......##


You could see the friendly Arkwar the orc apostle.

Vanquished Creatures
  A two-headed ogre (D:5)
  A water moccasin (D:5)
  A centaur (D:5)
  3 kobold brigands (Sewer)
  A scorpion (D:5)
  2 sleepcaps (D:5)
  Jessica (D:3)
  Ijyb (D:4)
  2 iguanas
  An orc wizard (D:4)
  11 gnolls
  6 adders
  A river rat (D:4)
  4 dart slugs
  A ribbon worm (D:4)
  4 orcs (D:4)
  4 endoplasms
  4 giant cockroaches
  13 hobgoblins
  7 jackals
  17 kobolds
  8 quokkas
  5 ball pythons
  6 bats
  7 frilled lizards
  6 goblins
  6 rats
124 creatures vanquished.

Vanquished Creatures (collateral kills)
  Sigmund (D:4)
  A centaur (D:5)
  An ogre (D:4)
  A jelly (D:5)
  A gnoll (D:4)
  A dart slug (D:4)
  A ribbon worm (D:5)
7 creatures vanquished.

Vanquished Creatures (others)
  An orc apostle (D:5)
  An orc (D:4)
  26 foxfires
28 creatures vanquished.

Grand Total: 159 creatures vanquished

Notes
Turn   | Place    | Note
-------+----------+-------------------------------------------
     0 | D:1      | Dwayden the Vine Stalker Brigand began the quest for the
                  | Orb.
     0 | D:1      | Reached XP level 1. HP: 11/11 MP: 2/2
    80 | D:1      | Reached skill level 2 in Fighting
   211 | D:1      | Reached XP level 2. HP: 15/15 MP: 3/3
   415 | D:1      | Found a faded altar of an unknown god.
   430 | D:1      | Reached XP level 3. HP: 16/19 MP: 2/4
   463 | D:1      | Prayed at the altar of an unknown god.
   463 | D:1      | Became a worshipper of Beogh the Shepherd
   463 | D:1      | Reached * piety under Beogh
   788 | D:2      | Reached XP level 4. HP: 23/23 MP: 5/5
   794 | D:2      | Reached skill level 3 in Fighting
  1133 | D:2      | You fall into a shaft and drop 2 floors!
  1190 | D:4      | Found a glowing drain.
  1194 | Sewer    | Entered a sewer
  1220 | Sewer    | Noticed a kobold brigand
  1260 | Sewer    | Killed a kobold brigand
  1261 | Sewer    | Reached XP level 5. HP: 23/29 MP: 4/6
  1335 | Sewer    | Reached ** piety under Beogh
  1350 | Sewer    | Identified the +5 whip of the Skies Above {vamp, *Corrode
                  | Str+2 Dex+5 SInv}
  1390 | Sewer    | Noticed a kobold brigand
  1409 | Sewer    | Killed a kobold brigand
  1410 | Sewer    | Reached skill level 4 in Fighting
  1410 | Sewer    | Reached skill level 1 in Dodging
  1410 | Sewer    | Reached skill level 5 in Stealth
  1410 | Sewer    | Reached XP level 6. HP: 32/33 MP: 5/7
  2533 | D:3      | Noticed Jessica
  2534 | D:3      | Killed Jessica
  2672 | D:3      | Found an opulent altar of Gozag.
  3038 | D:4      | Found a sacrificial altar of Ru.
  3080 | D:4      | Reached *** piety under Beogh
  3092 | D:4      | Reached skill level 1 in Invocations
  3107 | D:4      | Noticed Bolgrim
  3123 | D:4      | Anointed Bolgrim the wizard as your apostle
  3146 | D:4      | Reached XP level 7. HP: 23/38 MP: 4/9
  3252 | D:4      | Noticed Ijyb
  3267 | D:4      | Killed Ijyb
  3512 | D:4      | Noticed Sigmund
  3518 | D:4      | Killed Sigmund
  3519 | D:4      | Reached skill level 5 in Fighting
  3519 | D:4      | Reached skill level 1 in Armour
  3542 | D:5      | Entered Level 5 of the Dungeon
  3562 | D:5      | Reached skill level 5 in Short Blades
  3562 | D:5      | Gained mutation: You have razor-sharp teeth. [Vine Stalker
                  | growth]
  3562 | D:5      | Reached XP level 8. HP: 15/43 MP: 2/11
  3789 | D:5      | Identified the +0 pair of boots of Supple Strength {Will+}
  3865 | D:5      | Noticed a two-headed ogre
  3875 | D:5      | Your ally Bolgrim died
  3885 | D:5      | Killed a two-headed ogre
  3886 | D:5      | Reached skill level 6 in Fighting
  3886 | D:5      | Reached skill level 1 in Spellcasting
  3886 | D:5      | Reached XP level 9. HP: 28/48 MP: 11/13
  4165 | D:5      | Identified the +3 flail "Ysiwyof" {venom, rElec}
  4165 | D:5      | Noticed Arkwar
  4193 | D:5      | Anointed Arkwar the priest as your apostle
  4194 | D:5      | Succumbed to Arkwar's poison

Illustrated notes

Levels and vault maps discovered:
D:1:      lightli_arrival_maybe_door_vault, layout_rooms,
          chequers_ecumenical_altar_simple_redux
D:2:      layout_basic
D:3:      cheibrodos_greedy_goblins, layout_basic, grunt_gozag_statues,
          uniq_jessica
D:4:      layout_basic, nicolae_ru_great_annihilating_truth,
          gup_sewer_entry_bowl, serial_glass, glass_columns_a, glass_columns_a,
          glass_columns_a, uniq_ijyb, uniq_sigmund
D:5:      layout_basic, minmay_door_square, minmay_tree_intersection,
          grunt_decor_fettered, nicolae_zig_zag_zippers

Skill      XL: |  1  2  3  4  5  6  7  8 |
---------------+-------------------------+-----
Fighting       | 2 3 4 5 6 |  6.2
Short Blades   | 2 3 4 5 |  5.3
Dodging        | 1 2 |  2.0
Stealth        | 5 |  5.0
Throwing       | 2 |  2.0
Invocations    | 1 2 4 |  4.4
Armour         | 1 4 |  4.0
Spellcasting   | 1 |  1.6

Action                     |  1- 3 |  4- 6 |  7- 9 || total
---------------------------+-------+-------+-------++-------
  Melee: Dagger            |    85 |    62 |       ||   147
         Bite              |    20 |    58 |    39 ||   117
         Short sword       |       |   148 |   114 ||   262
  Throw: Dart              |     6 |    16 |     5 ||    27
 Invoke: Recruit Apostle   |       |     1 |     1 ||     2
         Smiting           |       |       |     2 ||     2
    Use: Scroll            |       |     4 |     4 ||     8
         Potion            |       |     1 |     1 ||     2
   Stab: Sleeping          |     6 |     6 |     1 ||    13
         Paralysed         |       |     1 |       ||     1
 Armour: Robe              |    41 |    87 |     1 ||   129
         Ring mail         |       |       |    60 ||    60
  Dodge: Dodged            |    54 |    81 |    76 ||   211

Table legend: (Time is in decaauts)
 A = Elapsed time spent in this place.
 B = Non-inter-level travel time spent in this place.
 C = Inter-level travel time spent in this place.
 D = Time resting spent in this place.
 E = Time spent auto-exploring this place.
 F = Levels seen in this place.
 G = Mean time per level.
                   A        B        C        D        E       F      G
               +--------+--------+--------+--------+--------+-----+--------+
         Total |   4154 |   4094 |     60 |    244 |   2681 |   6 |  692.3 |
       Dungeon |   3712 |   3652 |     60 |    217 |   2527 |   5 |  742.4 |
         Sewer |    442 |    442 |      0 |     27 |    154 |   1 |  442.0 |
               +--------+--------+--------+--------+--------+-----+--------+

Top non-repeatable levels by time:
     D:2: 1075 daAuts
     D:3: 914 daAuts
     D:4: 639 daAuts
     D:5: 583 daAuts
     D:1: 498 daAuts
   Sewer: 442 daAuts
